 Dungeon Crawl Stone Soup version 0.19-a0-1107-gc676ff4 (webtiles) character file.

5750 4thArraOfDagon the Grappler (level 10, -1/138 HPs)
             Began as a Troll Arcane Marksman on Aug 9, 2016.
             Was a Priest of Vehumet.
             Slain by a freezing wraith (10 damage)
             ... on level 9 of the Dungeon.
             The game lasted 00:13:01 (2411 turns).

4thArraOfDagon the Grappler (Troll Arcane Marksman) Turns: 2411, Time: 00:13:02

Health: -1/138     AC: 27    Str: 21    XL:     10   Next: 49%
Magic:  11/11      EV:  1    Int: 12    God:    Vehumet [***...]
Gold:   160        SH:  0    Dex:  9    Spells: 1 memorised, 10 levels left

rFire  x . .     SeeInvis .       - Unarmed
rCold  + . .     Gourm    +     (armour currently unavailable)
rNeg   + + +     Faith    +     (no shield)
rPois  +         Spirit   .     (helmet currently unavailable)
rElec  .         Dismiss  .     (cloak currently unavailable)
rCorr  .         Reflect  .     (gloves unavailable)
SustAt .         Harm     .     (boots unavailable)
MR     .....     NoTele   +     v - amulet of faith
Stlth  +.........               y - +2 ring of protection
                                e - ring of ice

@: tree-form, slowed, very slow
A: unfitting armour, (claws 0), fast metabolism 3, gourmand, regeneration 2,
(shaggy fur 0), (tough skin 0)
a: Renounce Religion


You were on level 9 of the Dungeon.
You worshipped Vehumet.
Vehumet was most pleased with you.
You were not hungry.
You were a tree.
You visited 2 branches of the dungeon, and saw 11 of its levels.

You collected 188 gold pieces.
You spent 28 gold pieces at shops.

Inventory:

Hand Weapons
 B - the +9 dagger of Chilly Death {flash freeze, rPois rF- rC++ MR+}
   (You found it on level 9 of the Dungeon)

   It has been specially enchanted to freeze those struck by it, causing extra
   injury to most foes and up to half again as much damage against particularly
   susceptible opponents.
   It can also slow down cold-blooded creatures.
   It makes you vulnerable to fire.
   It greatly protects you from cold.
   It protects you from poison.
   It affects your resistance to hostile enchantments.
Missiles
 c - 9 large rocks (quivered)
Armour
 a - a +1 robe (melded)
Jewellery
 e - a ring of ice (left branch)
 r - an uncursed ring of magical power
 v - an amulet of faith (around neck)
 y - a +2 ring of protection (right branch)
Wands
 i - a wand of acid (0/15)
 l - a wand of disintegration (11/24)
 m - a wand of paralysis (0/24)
 D - a wand of digging (12/24)
 G - a wand of polymorph (17/24)
Scrolls
 j - a scroll of enchant armour
 n - a scroll of magic mapping {unknown}
 p - 2 scrolls of immolation {unknown}
 q - a scroll of teleportation {unknown}
 x - a scroll of holy word {unknown}
 A - a scroll of remove curse
 F - a scroll of fear {unknown}
Potions
 d - 2 potions of brilliance
 o - a potion of cure mutation {unknown}
 s - a potion of lignification
 t - a potion of degeneration {unknown}
 u - a potion of flight {unknown}
 w - a potion of berserk rage {unknown}
 z - a potion of agility {unknown}
 C - a potion of heal wounds {unknown}
 E - a potion of cancellation {unknown}
 H - a potion of might {unknown}
Books
 b - a book of Debilitation

   Spells                             Type                      Level
   a - Corona                         Hexes                        1
   b - Slow                           Hexes                        2
   c - Gell's Gravitas                Hexes/Translocation          3
   d - Inner Flame                    Hexes/Fire                   3
   e - Cause Fear                     Hexes                        4
   f - Leda's Liquefaction            Hexes/Earth                  4
Comestibles
 f - 7 bread rations
 g - 2 slices of pizza
 k - 3 meat rations


   Skills:
 + Level 3.8 Fighting
 - Level 1.7 Throwing
 + Level 4.2 Dodging
 * Level 13.0 Unarmed Combat
 - Level 1.0 Spellcasting
 - Level 2.0 Hexes
 - Level 3.3 Evocations


You had 10 spell levels left.
You knew the following spells:

 Your Spells              Type           Power        Failure   Level  Hunger
a - Corona                Hex            #......      14%         1    ##.....


Dungeon Overview and Level Annotations

Branches:
Dungeon (10/15)            Temple (1/1) D:6            Lair (0/6) D:8
    Orc: D:9-12

Altars:
Hepliaklqana
Kikubaaqudgha
Pakellas
Qazlal
Ru
Sif Muna
Vehumet
Xom
The Shining One

Shops:
D:6 *

Annotations:
D:7 Dowan, Duvessa


Innate Abilities, Weirdness & Mutations

You are too large for most types of armour.
((You have claws for hands.))
Your metabolism is lightning-fast.
You like to eat raw meat.
You heal very quickly.
((You are covered in fur. (AC +1)))
((You have very tough skin. (AC +2)))


Message History

Unknown command.
You hit the freezing wraith but do no damage.
The freezing wraith is heavily damaged.
The freezing wraith hits you but does no damage. x2
Unknown command.
You barely miss the freezing wraith.
The freezing wraith is heavily damaged.
The freezing wraith hits you but does no damage.
The freezing wraith hits you.
* * * LOW HITPOINT WARNING * * *
The freezing wraith drains your vigour!
You feel as though you will be slow longer.
Unknown command.
Unknown command.
You hit the freezing wraith.
The freezing wraith is heavily damaged.
The freezing wraith hits you.
* * * LOW HITPOINT WARNING * * *
The freezing wraith freezes you! You resist.
You die...

##.# #.........#.# ....#
#.#..####.#.# ....#
#.........#.# ..#.#
######).###.# ###.#
#....(....#.# ###.#
###..######[# ##..#
#.....(...#.# ....#
#.####(.#.#.# ....#
#.♣W......#.# ###.#
#####+#####.# #.# ## ##
#.........#.# ###.# #.##
.###.#.#.#.#.#.# ....#
..##..##.........#.# ##..#
#....###D#.#.#.#.#.# #..#
##.#.##.'.........#.# #..#
#....#..#.#.#.#.#.#.#
#..##.)##...##.........#.##


You could see a freezing wraith.

Vanquished Creatures
  Erica (D:8)
  A deep elf knight (D:9)
  A deep troll (D:9)
  A hill giant (D:9)
  2 hungry ghosts
  5 yaks (D:9)
  3 orc warriors (D:9)
  An ice beast (D:9)
  2 sky beasts
  An ogre (D:8)
  3 centaurs
  7 giant frogs
  2 gnoll sergeants
  A scorpion (D:8)
  2 howler monkeys (D:9)
  4 crimson imps
  A centaur zombie (D:9)
  2 giant frog zombies
  4 hounds
  4 jellies
  A giant frog skeleton (D:9)
  A gnoll shaman (D:9)
  An iguana (D:8)
  3 worker ants
  An orc wizard (D:9)
  A worker ant zombie (D:10)
  A howler monkey zombie (D:9)
  12 gnolls
  4 adders
  A howler monkey skeleton (D:7)
  A shadow imp (D:6)
  An ooze (D:2)
  4 adder skeletons
  2 giant geckos (D:8)
  15 orcs
  2 bats (D:2)
  A goblin (D:2)
  2 kobolds
  2 quokkas
  A ball python (D:6)
  A giant gecko zombie (D:6)
  A giant newt (D:5)
107 creatures vanquished.

Vanquished Creatures (others)
  A sky beast (D:9)
  An orc wizard (D:9)
2 creatures vanquished.

Grand Total: 109 creatures vanquished

Notes
Turn   | Place    | Note
-------+----------+-------------------------------------------
     0 | D:1      | 4thArraOfDagon the Troll Arcane Marksman began the quest for the Orb.
     0 | D:1      | Reached XP level 1. HP: 18/18 MP: 1/1
    86 | D:2      | Reached skill level 1 in Unarmed Combat
    86 | D:2      | Reached XP level 2. HP: 19/26 MP: 2/2
   128 | D:2      | Reached skill level 2 in Unarmed Combat
   194 | D:2      | Found an oddly glowing altar of Pakellas.
   235 | D:3      | Reached XP level 3. HP: 32/32 MP: 3/3
   272 | D:5      | Entered Level 5 of the Dungeon
   313 | D:5      | Reached skill level 3 in Unarmed Combat
   449 | D:6      | Found a staircase to the Ecumenical Temple.
   449 | D:6      | Noticed a gnoll sergeant
   453 | Temple   | Entered the Ecumenical Temple
   476 | Temple   | Became a worshipper of Vehumet
   519 | Temple   | Reached XP level 4. HP: 34/40 MP: 4/4
   557 | Temple   | Killed a gnoll sergeant
   557 | Temple   | Reached skill level 4 in Unarmed Combat
   557 | Temple   | Reached XP level 5. HP: 22/46 MP: 5/5
   640 | D:6      | Reached skill level 5 in Unarmed Combat
   932 | D:5      | You fall through a shaft for 3 floors!
   932 | D:8      | Found a hazy altar of Hepliaklqana.
   953 | D:7      | Reached XP level 6. HP: 54/54 MP: 6/6
   984 | D:7      | Reached skill level 6 in Unarmed Combat
  1030 | D:6      | Found Igrowink's General Store.
  1038 | D:6      | Bought a scroll of identify for 28 gold pieces
  1084 | D:6      | Found an ancient bone altar of Kikubaaqudgha.
  1093 | D:6      | You fall through a shaft for 2 floors!
  1097 | D:8      | Reached skill level 7 in Unarmed Combat
  1099 | D:8      | Reached XP level 7. HP: 59/61 MP: 7/7
  1144 | D:8      | Reached skill level 8 in Unarmed Combat
  1284 | D:6      | Reached * piety under Vehumet
  1284 | D:6      | Offered knowledge of Flame Tongue by Vehumet.
  1304 | D:6      | Reached skill level 9 in Unarmed Combat
  1328 | D:6      | Reached XP level 8. HP: 67/68 MP: 8/8
  1333 | D:7      | Noticed Duvessa
  1333 | D:7      | Noticed Dowan
  1433 | D:8      | Noticed Erica
  1445 | D:8      | Killed Erica
  1445 | D:8      | Reached skill level 11 in Unarmed Combat
  1487 | D:8      | Found a staircase to the Lair.
  1593 | D:9      | Noticed a hill giant
  1601 | D:9      | Reached XP level 9. HP: 75/75 MP: 9/9
  1621 | D:9      | Reached skill level 1 in Fighting
  1742 | D:9      | Reached skill level 1 in Evocations
  1756 | D:9      | Reached skill level 12 in Unarmed Combat
  1839 | D:9      | Reached ** piety under Vehumet
  1869 | D:9      | Offered knowledge of Sting by Vehumet.
  1889 | D:10     | Entered Level 10 of the Dungeon
  2095 | D:9      | Killed a hill giant
  2101 | D:9      | Reached XP level 10. HP: 76/89 MP: 10/10
  2235 | D:9      | Offered knowledge of Static Discharge by Vehumet.
  2343 | D:9      | Noticed a deep troll
  2346 | D:9      | Noticed a deep elf knight
  2350 | D:9      | Killed a deep troll
  2350 | D:9      | Reached *** piety under Vehumet
  2353 | D:9      | Killed a deep elf knight
  2353 | D:9      | Reached skill level 13 in Unarmed Combat
  2397 | D:9      | Noticed a seven-headed hydra
  2411 | D:9      | Slain by a freezing wraith

Vault maps used:
D:1:      dpeg_arrival_rooms_a
D:2:      nicolae_overflow_hidden_temple
D:4:      lemuel_doored_altar, okawaru_ov_weapons_minmay
D:5:      first_bread
D:6:      minitemple, serial_shops, shop, serial_glass, glass_columns_a,
          glass_columns_b, lemuel_altar_in_water2
D:7:      uniq_duvessa
D:8:      dpeg_oklobed_lair, basic_altar, johnstein_pakellas_death_squad,
          uniq_erica
D:9:      grunt_livestock, minmay_the_grid_3x2
D:10:     uniq_erolcha, uniq_nergalle, uniq_psyche, uniq_snorg
Temple:   hc_temple_tempest_star

Skill      XL: |  1  2  3  4  5  6  7  8  9 10 |
---------------+-------------------------------+-----
Unarmed Combat | 1 2 3 4 5 7 9 11 12 13 | 13.0
Fighting       | 2 3 |  3.8
Dodging        | 3 4 |  4.2
Evocations     | 2 3 |  3.3
Throwing       | |  1.7
Spellcasting   | |  1.0
Hexes          | |  2.0

Action                   |  1- 3 |  4- 6 |  7- 9 | 10-12 || total
-------------------------+-------+-------+-------+-------++-------
Melee: Unarmed           |    40 |    66 |   191 |    72 ||   369
       Punch             |       |       |     9 |     5 ||    14
Throw: Throwing net      |       |     6 |       |     1 ||     7
       Large rock        |       |       |     3 |       ||     3
Evoke: Wand              |     2 |       |     4 |     6 ||    12
  Use: Scroll            |     4 |     3 |     2 |       ||     9
       Potion            |       |       |       |     1 ||     1
 Stab: Sleeping          |     1 |       |       |       ||     1
       Paralysed         |       |       |     9 |     4 ||    13
  Eat: Chunk             |     1 |    15 |    11 |     6 ||    33
Armor: Robe              |    22 |    16 |    43 |    12 ||    93
       Skin              |       |       |       |     8 ||     8
Dodge: Dodged            |    33 |    37 |    91 |    24 ||   185
